 Dungeon Crawl Stone Soup version 0.17.1-3-g152610e (webtiles) character file.

284 Gargoyl the Skirmisher (level 6, -1/48 HPs)
             Began as a Demonspawn Abyssal Knight on Apr 15, 2016.
             Was a Believer of Lugonu.
             Succumbed to a worker ant's poison
             ... on level 7 of the Dungeon.
             The game lasted 00:12:01 (5047 turns).

Gargoyl the Skirmisher (Demonspawn Abyssal Knight)  Turns: 5047, Time: 00:12:01

Health: -1/48      AC: 10    Str: 14    XL:     6   Next: 7%
Magic:  8/8        EV:  7    Int: 19    God:    Lugonu [**....]
Gold:   163        SH:  0    Dex: 12    Spells: 0 memorised, 5 levels left

rFire  . . .     SeeInvis .     a - +1 hand axe
rCold  . . .     Clarity  +     l - +0 chain mail
rNeg   . . .     SustAt   .     (no shield)
rPois  .         Gourm    .     (no helmet)
rElec  .         Spirit   .     (no cloak)
rCorr  .         Warding  .     (no gloves)
rMut   .         Stasis   .     q - +0 pair of boots
MR     .....                    s - amulet of clarity
Stlth  ..........               (no ring)
                                (no ring)

@: brilliant, lethally poisoned (-1 -> -13), not resistant to hostile
enchantments, extremely unstealthy
A: hooves 2, powered by pain 1
a: Depart the Abyss, Bend Space, Renounce Religion


You were on level 7 of the Dungeon.
You worshipped Lugonu.
Lugonu was pleased with you.
You were not hungry.

You visited 1 branch of the dungeon, and saw 5 of its levels.
You visited the Abyss 1 time.

You collected 163 gold pieces.

Inventory:

Hand Weapons
 a - a +1 hand axe (weapon)
 n - a +0 flail
Armour
 l - a +0 chain mail (worn)
 q - a +0 pair of boots (worn)
Magical Staves
 e - an uncursed staff of power
Jewellery
 s - an amulet of clarity (around neck)
Scrolls
 b - a scroll of enchant weapon {unknown}
 d - 2 scrolls of identify
 h - a scroll of magic mapping {unknown}
 j - 2 scrolls of remove curse
 o - a scroll of enchant armour {unknown}
 u - a scroll of blinking {unknown}
Potions
 m - a potion of cure mutation
 v - a potion of poison
Books
 p - a book of the Tempests

   Spells                             Type                      Level
   a - Static Discharge               Conjuration/Air              3
   b - Lightning Bolt                 Conjuration/Air              5
   c - Fireball                       Conjuration/Fire             5
   d - Tornado                        Air                          9
   e - Shatter                        Earth                        9
Miscellaneous
 t - a plain deck of escape {drawn: 5}
Comestibles
 c - a bread ration
 f - 5 chunks of flesh
 g - 2 meat rations


   Skills:
 + Level 4.1 Fighting
 + Level 2.6 Axes
 * Level 4.0 Armour
 + Level 2.2 Dodging
 + Level 0.4 Stealth
 + Level 2.7 Invocations


You had 5 spell levels left.
You didn't know any spells.

Dungeon Overview and Level Annotations

Branches:
Dungeon (7/15)
 Temple: D:4-7

Altars:
Nemelex Xobeh
Okawaru
Ru
Trog
Xom

Annotations:
D:3 Gargoyl's ghost, amateur DsAK


Innate Abilities, Weirdness & Mutations

You have hoof-like feet.
You sometimes gain a little power by taking damage.


Message History

* * * LOW HITPOINT WARNING * * *
You feel sick. The worker ant bites you.
* * * LOW HITPOINT WARNING * * *
You are more poisoned.
The worker ant poisons you!
Drink which item? (? for menu, Esc to quit)
Okay, then.
You feel clever all of a sudden.
* * * LOW HITPOINT WARNING * * *
You feel sick.
The worker ant bites you but does no damage.
Your chain mail prevents you from hitting the worker ant.
The worker ant is severely wounded.
* * * LOW HITPOINT WARNING * * *
You feel sick.
The worker ant bites you but does no damage. x2
Unknown command.
You closely miss the worker ant.
The worker ant is severely wounded.
You die...

... ... ...
#.# #.# #.#
##'##
##.a.##
##..@..##
##.......##
#.รท.......#
+.........+
#.........#
##.......##
##..<..##
##...##
##+##


You could see a worker ant.

Vanquished Creatures
  A scorpion (D:4)
  2 iguanas (D:4)
  2 worker ants (D:4)
  A hound skeleton (D:4)
  3 adders
  An adder zombie (D:4)
  4 giant geckos
  6 orcs
  7 bats
  6 giant cockroaches
  6 hobgoblins
  11 jackals
  3 giant newts
  9 goblins
  8 kobolds
  A quokka (D:3)
  8 rats
79 creatures vanquished.

Notes
Turn   | Place    | Note
--------------------------------------------------------------
     0 | Abyss:1  | Gargoyl the Demonspawn Abyssal Knight began the quest for the Orb.
     0 | Abyss:1  | Reached XP level 1. HP: 18/18 MP: 2/2
   134 | Abyss:2  | Noticed a raiju
   135 | D:1      | Escaped the Abyss
   537 | D:1      | Reached * piety under Lugonu
   537 | D:1      | Gained mutation: You have large cloven feet. [demonic ancestry]
   537 | D:1      | Reached XP level 2. HP: 18/24 MP: 3/3
  1185 | D:1      | Reached skill level 1 in Dodging
  1570 | D:2      | Reached XP level 3. HP: 20/29 MP: 5/5
  1895 | D:2      | Found an iron altar of Okawaru.
  1910 | D:2      | Found a sacrificial altar of Ru.
  1913 | D:2      | Found a shimmering altar of Xom.
  1916 | D:2      | Found a bloodstained altar of Trog.
  2678 | D:3      | Reached ** piety under Lugonu
  2686 | D:3      | Gained mutation: You sometimes gain a little power by taking damage. [demonic ancestry]
  2686 | D:3      | Reached XP level 4. HP: 19/37 MP: 6/6
  3043 | D:3      | Found a sparkling altar of Nemelex Xobeh.
  3472 | D:3      | Noticed Gargoyl's ghost (amateur DsAK)
  3796 | D:4      | HP: 1/37 [iguana (8)]
  3797 | D:4      | Reached XP level 5. HP: 1/42 MP: 7/7
  4133 | D:4      | Reached skill level 4 in Fighting
  4715 | D:4      | HP: 3/63 [poisoned by a worker ant]
  4733 | D:4      | Gained mutation: You have hoof-like feet. [demonic ancestry]
  4733 | D:4      | Reached XP level 6. HP: 13/48 MP: 8/8
  4982 | D:4      | You fall through a shaft for 3 floors!
  5045 | D:7      | HP: 2/48 [poisoned by a worker ant]
  5047 | D:7      | Succumbed to a worker ant's poison

Action                   |  1- 3 |  4- 6 || total
-------------------------+-------+-------++-------
Melee: Staff             |   119 |       ||   119
       Hand axe          |    92 |   219 ||   311
Invok: Depart the Abyss  |     1 |       ||     1
Evoke: Deck              |       |     5 ||     5
  Use: Potion            |       |     8 ||     8
       Scroll            |       |     2 ||     2
  Eat: Chunk             |     6 |     8 ||    14
